 Dungeon Crawl Stone Soup version 0.27-a0-899-ge2d0b17c59 (webtiles) character file.

Game seed: 12038075844953359891

1327 dickylongcocking the Magician (level 8, -5/61 HPs)
             Began as a Djinni Fire Elementalist on Apr 5, 2021.
             Slain by a white imp (6 damage)
             ... on level 5 of the Dungeon.
             The game lasted 00:05:15 (7850 turns).

dickylongcocking the Magician (DjFE)                Turns: 7850, Time: 00:05:16

Health: -5/61      AC:  4    Str:  7    XL:     8   Next: 60%
Gold:   180        EV: 12    Int: 19    God:
                   SH:  0    Dex: 14

rFire    + + .     SeeInvis .   v - +3 rapier (speed)
rCold    x . .     Faith    .   (no shield)
rNeg     . . .     Spirit   .   u - +0 leather armour {Will+}
rPois    ∞         Reflect  .   (no helmet)
rElec    .         Harm     .   (no cloak)
rCorr    .         Rampage  .   p - +0 pair of gloves
Will     +....                  (boots unavailable)
Stlth    +.........             (no amulet)
HPRegen  0.20/turn              (no ring)
MPRegen  0.00/turn              (no ring)

@: confused, ambrosia-drunk, attractive, flying
A: fire resistance 2, cold vulnerability 1, float, innate caster, hp casting,
extra vitality 1
a: no special abilities


You were on level 5 of the Dungeon.
You visited 1 branch of the dungeon, and saw 5 of its levels.

You collected 180 gold pieces.

Inventory:

Hand Weapons
 c - a +0 short sword
 s - a +5 club
 v - a +3 rapier of speed (weapon)
Missiles
 q - a throwing net
Armour
 a - a +0 robe
 p - a +0 pair of gloves (worn)
 u - a +0 leather armour of willpower (worn)
Wands
 r - a wand of iceblast (8)
 t - a wand of acid (11)
 w - a wand of flame (19)
Scrolls
 e - 3 scrolls of fog {unknown}
 f - a scroll of vulnerability {unknown}
 h - a scroll of magic mapping {unknown}
 i - 2 scrolls of teleportation {unknown}
 k - 3 scrolls of amnesia {unknown}
 l - a scroll of torment {unknown}
 m - a scroll of fear {unknown}
 x - a scroll of identify {unknown}
 y - a scroll of enchant armour {unknown}
Potions
 b - a potion of brilliance {unknown}
 d - 2 potions of attraction
 g - a potion of lignification {unknown}
 j - a potion of flight {unknown}
 n - a potion of curing {unknown}
 o - a potion of heal wounds {unknown}
 z - a potion of ambrosia


   Skills:
 + Level 5.7 Fighting
 - Level 0.3 Short Blades
 * Level 3.2 Armour
 - Level 3.0 Dodging
 - Level 2.0 Stealth
 * Level 6.5 Spellcasting


You couldn't memorise any spells.
You knew the following spells:

 Your Spells              Type           Power      Damage    Failure   Level
a - Foxfire               Conj/Fire      100%       2x1d9     1%          1
b - Conjure Flame         Conj/Fire      30%        6-21      3%          3
c - Inner Flame           Hex/Fire       30%        N/A       3%          3
d - Sticky Flame          Conj/Fire      30%        2d5       11%         4
e - Fireball              Conj/Fire      15%        3d8       30%         5
f - Corona                Hex            33%        N/A       1%          1
g - Wereblood             Tmut           30%        N/A       1%          2
h - Tukima's Dance        Hex            30%        N/A       3%          3
Your spell library was empty.

Dungeon Overview and Level Annotations

Branches:
Dungeon (5/15)
 Temple: D:4-7

Altars:
Kikubaaqudgha
The Shining One

Shops:
D:2 !

Annotations:
D:3 2 transporters, rageheart7's ghost, amateur TeAK
D:5 1 runed translucent door, indyram44's ghost, amateur DsBe


Innate Abilities, Weirdness & Mutations

You are immune to poison.
Your flesh is very heat resistant. (rF++)
You are vulnerable to cold. (rC-)
You float through the air rather than walking.
You learn spells naturally, not from books.
Your magical power is your life essence.
You have superior vitality. (+4 HP)


Message History

Found a dagger and a hand axe.
No target in view!
A white imp comes into view.
A white imp is nearby!
The white imp shouts!
You hear an angry growl.
The white imp gestures at you. The puff of frost hits you!
You feel a terrible chill!
A black bear comes into view.
The black bear growls angrily.
There are monsters nearby!
There are monsters nearby!
The black bear bites you! The black bear claws you. x2
The white imp gestures at you. The puff of frost hits you!
You feel a terrible chill!
There are monsters nearby!
You are too injured to fight recklessly!
The black bear bites you. The black bear claws you.
* * * LOW HITPOINT WARNING * * *
The black bear closely misses you.
Unknown command.
Unknown command.
It was a potion of attraction.
You feel attractive to monsters. The black bear bites you.
* * * LOW HITPOINT WARNING * * *
The black bear barely misses you. The black bear claws you.
* * * LOW HITPOINT WARNING * * *
The white imp misses you.
Unknown command.
It was a potion of ambrosia.
You are confused.
You feel invigorated. The black bear bites you!
* * * LOW HITPOINT WARNING * * *
The black bear barely misses you. The black bear claws you.
* * * LOW HITPOINT WARNING * * *
The white imp shouts, "Remove thy stench, thou surly roguish whey-face!"
The white imp hits you.
* * * LOW HITPOINT WARNING * * *
The white imp freezes you.
You feel a terrible chill!
You die...

..# #..... .. ..#
..###.##.# .# #..#
....#.##.# .# #..#
###.#.##.# .####..# #
#.#.##.##.......#
###.#.##.#........###
.........#.####.....#
..####...........!..####
.## #.###.####.@5.....#
## #.# #.# #h###.##.# #
#.# #.# #.. #.# #.# ####
#.# #.# #.# #.#
#.###.###########.
#.................
#..####†..#######.


You could see a black bear and a white imp.

Vanquished Creatures
  Grinder (D:3)
  Sigmund (D:3)
  Eustachio (D:4)
  Menkaure (D:4)
  A black bear (D:5)
  A necrophage (D:5)
  A bullfrog (D:5)
  A water moccasin zombie (D:5)
  A bullfrog zombie (D:5)
  A centaur zombie (D:5)
  A jelly (D:4)
  A gnoll shaman (D:4)
  A scorpion zombie (D:5)
  Ijyb (D:4)
  Terence (D:2)
  An orc wizard (D:5)
  5 gnolls (D:4)
  5 adders
  3 adder skeletons (D:4)
  3 worms (D:2)
  4 dart slugs
  7 orcs
  10 endoplasms
  5 giant cockroaches
  3 goblins
  6 hobgoblins
  7 jackals
  2 quokkas
  9 ball pythons
  7 bats
  3 frilled lizards
  9 kobolds
  2 rats (D:1)
106 creatures vanquished.

Vanquished Creatures (others)
  299 foxfires
  6 plants (D:3)
  3 withered plants (D:5)
308 creatures vanquished.

Grand Total: 414 creatures vanquished

Notes
Turn   | Place    | Note
-------+----------+-------------------------------------------
     0 | D:1      | dickylongcocking the Djinni Fire Elementalist began the
                  | quest for the Orb.
     0 | D:1      | Reached XP level 1. HP: 15/15 MP: 0/0
   209 | D:1      | Reached skill level 3 in Spellcasting
   209 | D:1      | Reached XP level 2. HP: 11/21 MP: 0/0
  1300 | D:1      | Found a faded altar of an unknown god.
  1307 | D:1      | Reached XP level 3. HP: 25/25 MP: 0/0
  1307 | D:1      | Learned a level 1 spell: Corona
  2113 | D:2      | Found Opimem's Distillery.
  2679 | D:2      | Noticed Terence
  2714 | D:2      | Killed Terence
  2715 | D:2      | Reached XP level 4. HP: 11/31 MP: 0/0
  3353 | D:2      | Reached skill level 1 in Fighting
  4264 | D:2      | Reached XP level 5. HP: 36/37 MP: 0/0
  4264 | D:2      | Learned a level 2 spell: Wereblood
  4302 | D:3      | Noticed Grinder
  4472 | D:3      | Killed Grinder
  4473 | D:3      | Reached skill level 4 in Spellcasting
  4473 | D:3      | Reached XP level 6. HP: 30/46 MP: 0/0
  4770 | D:3      | Found a transporter.
  4866 | D:3      | Noticed rageheart7's ghost (amateur TeAK)
  4871 | D:3      | Noticed Sigmund
  4879 | D:3      | Killed Sigmund
  4880 | D:3      | Reached skill level 5 in Spellcasting
  4880 | D:3      | Reached XP level 7. HP: 37/52 MP: 0/0
  4880 | D:3      | Learned a level 3 spell: Tukima's Dance
  5240 | D:3      | Found a transporter.
  5750 | D:3      | Found a glowing golden altar of the Shining One.
  6709 | D:4      | Noticed Ijyb
  6717 | D:4      | Killed Ijyb
  6933 | D:4      | Noticed Eustachio
  6942 | D:4      | Killed Eustachio
  6943 | D:4      | Reached skill level 5 in Fighting
  7080 | D:4      | Noticed Menkaure
  7093 | D:4      | Killed Menkaure
  7094 | D:4      | Reached skill level 1 in Armour
  7094 | D:4      | Reached XP level 8. HP: 55/59 MP: 0/0
  7336 | D:5      | Entered Level 5 of the Dungeon
  7347 | D:5      | Reached skill level 6 in Spellcasting
  7724 | D:5      | Found a runed translucent door.
  7725 | D:5      | Noticed indyram44's ghost (amateur DsBe)
  7850 | D:5      | HP: 2/61 [black bear (3)]
  7850 | D:5      | Slain by a white imp

Illustrated notes

Levels and vault maps discovered:
D:1:      shiori_arrival_maze, layout_basic, ebering_ecumenical_altar_box
D:2:      minmay_diamond_boxcup, layout_basic, serial_shops, shop, uniq_terence
D:3:      layout_basic, marbit_many_paths, gammafunk_ghost_gnarly_gnolls,
          lemuel_flame_loot_1, uniq_grinder, uniq_sigmund
D:4:      layout_rooms, uniq_ijyb, uniq_menkaure, uniq_eustachio
D:5:      cheibrodos_iron_armory, layout_loops_ring, kiku_gazebo_garden_becter,
          ebering_ghost_inner_flame

Skill      XL: |  1  2  3  4  5  6  7  8 |
---------------+-------------------------+-----
Spellcasting   | 3 4 5 6 |  6.5
Dodging        | 3 |  3.0
Stealth        | 2 |  2.0
Fighting       | 1 3 4 5 |  5.7
Armour         | 1 3 |  3.2
Short Blades   | |  0.3

Action                   |  1- 3 |  4- 6 |  7- 9 || total
-------------------------+-------+-------+-------++-------
Melee: Unarmed           |     8 |       |       ||     8
       Short sword       |    53 |    47 |    11 ||   111
       Club              |       |       |     1 ||     1
       Rapier            |       |       |    31 ||    31
 Cast: Foxfire           |    66 |    39 |    79 ||   184
       Corona            |       |     4 |       ||     4
       Sticky Flame      |       |     2 |     2 ||     4
       Inner Flame       |       |       |     6 ||     6
       Fireball          |       |       |     1 ||     1
  Use: Potion            |     1 |       |     2 ||     3
 Stab: Sleeping          |     2 |     2 |     1 ||     5
Armor: Robe              |    16 |    10 |     6 ||    32
       Leather armour    |       |       |     7 ||     7
Dodge: Dodged            |    70 |    33 |    49 ||   152

Table legend: (Time is in decaauts)
 A = Elapsed time spent in this place.
 B = Non-inter-level travel time spent in this place.
 C = Inter-level travel time spent in this place.
 D = Time resting spent in this place.
 E = Time spent auto-exploring this place.
 F = Levels seen in this place.
 G = Mean time per level.
                   A        B        C        D        E       F      G
               +--------+--------+--------+--------+--------+-----+--------+
         Total |   7861 |   7662 |    199 |   1088 |   5776 |   5 | 1572.2 |
       Dungeon |   7861 |   7662 |    199 |   1088 |   5776 |   5 | 1572.2 |
               +--------+--------+--------+--------+--------+-----+--------+

Top non-repeatable levels by time:
     D:2: 2424 daAuts
     D:3: 2206 daAuts
     D:1: 1874 daAuts
     D:4: 848 daAuts
     D:5: 508 daAuts
